 Dungeon Crawl Stone Soup version 0.20.1-1-g8b1a95d (webtiles) character file.

9776 graki42 the Thaumaturge (level 11, -3/57 HPs)
             Began as a Deep Elf Fire Elementalist on Aug 8, 2017.
             Was a Priest of Vehumet.
             Slain by an ice beast (5 damage)
             ... on level 10 of the Dungeon.
             The game lasted 00:55:29 (9908 turns).

graki42 the Thaumaturge (DEFE)                      Turns: 9908, Time: 00:55:30

Health: -3/57      AC:  4    Str:  5 (8)  XL:     11   Next: 27%
Magic:  3/31       EV: 21    Int: 25 (26) God:    Vehumet [***...]
Gold:   174        SH:  0    Dex: 19 (20) Spells: 13/38 levels left

rFire    . . .     SeeInvis .   m - staff of earth
rCold    + . .     Gourm    +   (no shield)
rNeg     . . .     Faith    .   w - +0 robe {rC+}
rPois    +         Spirit   .   r - +0 helmet
rElec    .         Reflect  .   F - +0 cloak
rCorr    .         Harm     .   (no gloves)
MR       ++...                  (no boots)
Stlth    ++++......             y - amulet of the gourmand
Regen    0.2/turn               L - ring of poison resistance
MPRegen  0.3/turn               p - ring of protection from magic

@: brilliant, agile, very slightly contaminated
A: no striking features
a: Renounce Religion


You were on level 10 of the Dungeon.
You worshipped Vehumet.
Vehumet was most pleased with you.
You were very full.

You visited 1 branch of the dungeon, and saw 10 of its levels.

You collected 454 gold pieces.
You spent 280 gold pieces at shops.

Inventory:

Missiles
 o - 250 stones (quivered)
Armour
 r - a +0 helmet (worn)
 w - a +0 robe of cold resistance (worn)
 F - a +0 cloak (worn)
Magical Staves
 l - an uncursed staff of poison
 m - an uncursed staff of earth (weapon)
Jewellery
 a - an uncursed ring of wizardry
 g - an uncursed ring of protection from cold
 p - a ring of protection from magic (right hand)
 v - an uncursed ring of stealth
 y - an amulet of the gourmand (around neck)
 E - an uncursed amulet of harm {unknown}
 L - a ring of poison resistance (left hand)
Wands
 K - a wand of disintegration (15/24)
Scrolls
 d - 5 scrolls of teleportation
 h - 4 scrolls of remove curse
 i - a scroll of blinking
 j - a scroll of amnesia {unknown}
 k - 2 scrolls of enchant armour {unknown}
 n - a scroll of fear {unknown}
 x - 2 scrolls of magic mapping {unknown}
 A - 2 scrolls of noise {unknown}
 B - a scroll of summoning {unknown}
 C - a scroll of immolation {unknown}
 G - a scroll of enchant weapon {unknown}
Potions
 b - a potion of flight
 e - a potion of resistance
 s - 2 potions of lignification {unknown}
 z - 2 potions of might
 J - a potion of experience {unknown}
Books
 D - a book of Conjurations

   Spells                             Type                      Level
   a - Magic Dart                     Conjuration                  1
   b - Searing Ray                    Conjuration                  2
   c - Dazzling Spray                 Conjuration/Hexes            3
   d - Fulminant Prism                Conjuration/Hexes            4
   e - Force Lance                    Conjuration/Translocation    4
   f - Iskenderun's Mystic Blast      Conjuration                  4
Comestibles
 c - 5 bread rations
 f - 6 meat rations
 u - 3 royal jellies


   Skills:
 + Level 1.7 Fighting
 + Level 1.3 Staves
 + Level 5.0 Dodging
 + Level 5.2 Stealth
 + Level 0.1 Unarmed Combat
 + Level 14.2 Spellcasting
 + Level 8.1 Conjurations
 + Level 3.1 Hexes
 + Level 0.7 Translocations
 + Level 9.1 Fire Magic
 + Level 0.2 Air Magic
 + Level 6.1 Earth Magic


You had 13 spell levels left.
You knew the following spells:

 Your Spells              Type           Power        Failure   Level  Hunger
a - Flame Tongue          Conj/Fire      #####        1%          1    None
b - Conjure Flame         Conj/Fire      ######..     1%          3    None
c - Inner Flame           Hex/Fire       ######..     1%          3    None
d - Sticky Flame          Conj/Fire      ######..     1%          4    None
e - Fireball              Conj/Fire      ######....   1%          5    ##.....
f - Sandblast             Erth           ######       1%          1    None
g - Force Lance           Conj/Tloc      ######..     1%          4    None
h - Airstrike             Air            ####......   3%          4    None


Dungeon Overview and Level Annotations

Branches:
Dungeon (10/15)            Temple (0/1) D:5             Orc (0/2) D:9
   Lair: D:8-11

Altars:
Gozag
Kikubaaqudgha
Vehumet
Yredelemnul

Shops:
D:7 (   D:9 =

Annotations:
D:4 exclusion: statue
D:10 Harold


Message History

Harold burns!
Harold burns!
Harold casts a spell.
Harold blinks!
Harold burns!
The ice beast completely misses you. Harold gestures at you while chanting.
The bolt of fire misses you.
Harold burns!
Casting: Force Lance
Confirm with . or Enter, or press ? or * to list all spells.
Okay, then.
Harold burns!
Harold burns!
Harold gestures at you while chanting. The bolt of fire hits you!
* * * LOW HITPOINT WARNING * * *
Harold burns!
Harold stops burning.
The ice beast hits you.
* * * LOW HITPOINT WARNING * * *
The ice beast freezes you. You resist.
You die...

#..# #..# ..# #..# #..# ...#
#..####..##...###
#................
#.....###'#####+###########
#.....#...<#..............+
#.....#...>#..............#
#.....+....#.Y............#
#..#..#....#@@............# .
#..#..#....#.<........)...#..
#..#..#....#.......)..)....(.
#.<...####.##...##..######.##
#........#.##...##..# .#
#........#............ c#
#........#............. .#
#........#............... .#
#.######.#............... .#


You could see Harold and an ice beast.

Vanquished Creatures
  A two-headed ogre (D:8)
  The ghost of slacker the Severer, a novice MiBe of Trog (D:8)
  Pikel (D:6)
  The ghost of empire the Covered, a novice MiFi (D:4)
  3 trolls (D:9)
  2 hippogriffs
  9 yaks
  A water moccasin (D:8)
  9 orc warriors (D:9)
  2 slaves (D:6)
  A sky beast (D:7)
  3 phantoms
  4 ice beasts
  A hornet zombie (D:8)
  8 ogres
  The ghost of polve the Changer, an amateur DrTm (D:3)
  5 centaurs
  5 big kobolds
  2 gnoll sergeants (D:9)
  4 bullfrogs
  A water moccasin zombie (D:7)
  2 scorpions
  3 killer bees (D:9)
  3 wights (D:10)
  3 howler monkeys
  3 bullfrog zombies
  A quasit (D:9)
  2 crimson imps (D:9)
  A centaur zombie (D:6)
  A jelly (D:7)
  3 hounds
  9 orc wizards
  4 bullfrog skeletons
  7 orc priests
  5 worker ants
  A hound zombie (D:3)
  2 hound skeletons (D:7)
  A worker ant zombie (D:8)
  Robin (D:2)
  5 gnolls (D:9)
  8 adders
  2 oozes
  2 adder zombies (D:8)
  An adder skeleton (D:4)
  A worm (D:2)
  3 dart slugs
  6 leopard geckos
  31 orcs
  A ball python (D:1)
  6 bats
  8 giant cockroaches
  9 goblins
  12 hobgoblins
  12 jackals
  5 quokkas
  6 frilled lizards
  A jackal skeleton (D:4)
  16 kobolds
  A quokka skeleton (D:4)
  10 rats
  A plant (D:2)
264 creatures vanquished.

Vanquished Creatures (others)
  2 slaves (D:6)
  A bullfrog (D:6)
  A hound (D:5)
4 creatures vanquished.

Grand Total: 268 creatures vanquished

Notes
Turn   | Place    | Note
-------+----------+-------------------------------------------
     0 | D:1      | graki42 the Deep Elf Fire Elementalist began the quest for the Orb.
     0 | D:1      | Reached XP level 1. HP: 10/10 MP: 6/6
   131 | D:1      | Reached XP level 2. HP: 15/15 MP: 4/8
   412 | D:1      | Reached XP level 3. HP: 19/19 MP: 0/10
   417 | D:1      | Learned a level 3 spell: Conjure Flame
   421 | D:1      | Learned a level 3 spell: Inner Flame
  1198 | D:2      | Noticed Robin
  1369 | D:2      | Reached skill level 4 in Spellcasting
  1389 | D:2      | Killed Robin
  1389 | D:2      | Reached XP level 4. HP: 17/24 MP: 0/12
  1837 | D:3      | Found an opulent altar of Gozag.
  1899 | D:3      | Found an ancient bone altar of Kikubaaqudgha.
  2016 | D:3      | Noticed polve's ghost (amateur DrTm)
  2145 | D:3      | Killed polve's ghost
  2145 | D:3      | Reached skill level 5 in Spellcasting
  2145 | D:3      | Reached XP level 5. HP: 26/28 MP: 0/14
  2274 | D:3      | Learned a level 4 spell: Sticky Flame
  2475 | D:4      | Reached skill level 5 in Fire Magic
  2478 | D:4      | Reached XP level 6. HP: 32/32 MP: 2/16
  2616 | D:4      | Reached skill level 6 in Spellcasting
  2620 | D:4      | Noticed empire's ghost (novice MiFi)
  2941 | D:4      | Killed empire's ghost
  2941 | D:4      | Reached skill level 7 in Spellcasting
  2941 | D:4      | Reached skill level 1 in Hexes
  2941 | D:4      | Reached XP level 7. HP: 5/36 MP: 2/19
  3637 | D:4      | Found a radiant altar of Vehumet.
  3645 | D:4      | Became a worshipper of Vehumet
  3900 | D:4      | Reached XP level 8. HP: 37/41 MP: 11/21
  3967 | D:5      | Entered Level 5 of the Dungeon
  4019 | D:5      | Reached skill level 8 in Spellcasting
  4067 | D:5      | Learned a level 5 spell: Fireball
  4868 | D:5      | Reached skill level 5 in Conjurations
  4870 | D:5      | Reached skill level 9 in Spellcasting
  5185 | D:5      | Found a staircase to the Ecumenical Temple.
  5411 | D:6      | Reached * piety under Vehumet
  5411 | D:6      | Offered knowledge of Sandblast by Vehumet.
  5414 | D:6      | Learned a level 1 spell: Sandblast
  5533 | D:6      | Noticed Pikel
  5555 | D:6      | Killed Pikel
  5555 | D:6      | Reached skill level 10 in Spellcasting
  5555 | D:6      | Reached skill level 1 in Earth Magic
  5555 | D:6      | Reached XP level 9. HP: 35/46 MP: 4/25
  5710 | D:6      | Reached skill level 1 in Fighting
  6650 | D:7      | Reached skill level 11 in Spellcasting
  6665 | D:7      | Found Xeammaz's Weapon Boutique.
  6671 | D:7      | Reached skill level 1 in Staves
  6734 | D:7      | Found a basalt altar of Yredelemnul.
  6832 | D:7      | Offered knowledge of Freeze by Vehumet.
  6932 | D:8      | Reached ** piety under Vehumet
  7200 | D:8      | Noticed a two-headed ogre
  7248 | D:8      | Noticed slacker's ghost (novice MiBe)
  7507 | D:8      | Reached XP level 10. HP: 39/52 MP: 17/27
  7673 | D:8      | Killed a two-headed ogre
  7673 | D:8      | Reached skill level 12 in Spellcasting
  7898 | D:8      | Learned a level 4 spell: Force Lance
  7930 | D:8      | Killed slacker's ghost
  8236 | D:8      | Reached skill level 13 in Spellcasting
  8378 | D:9      | Found a staircase to the Orcish Mines.
  8383 | D:9      | Reached skill level 5 in Stealth
  8383 | D:9      | Reached skill level 5 in Earth Magic
  8384 | D:9      | Offered knowledge of Mephitic Cloud by Vehumet.
  8395 | D:9      | Reached *** piety under Vehumet
  8616 | D:9      | Reached XP level 11. HP: 57/57 MP: 7/30
  9115 | D:9      | Offered knowledge of Airstrike by Vehumet.
  9124 | D:9      | Learned a level 4 spell: Airstrike
  9188 | D:9      | Reached skill level 5 in Dodging
  9188 | D:9      | Reached skill level 14 in Spellcasting
  9789 | D:9      | Found Boxair's Jewellery Emporium.
  9795 | D:9      | Bought an uncursed ring of poison resistance for 280 gold pieces
  9831 | D:10     | Entered Level 10 of the Dungeon
  9884 | D:10     | Noticed Harold
  9899 | D:10     | Noticed a centaur warrior
  9908 | D:10     | HP: 2/57 [ice beast (4)]
  9908 | D:10     | Slain by an ice beast

Skill      XL: |  1  2  3  4  5  6  7  8  9 10 11 |
---------------+----------------------------------+-----
Fire Magic     | 4 5 6 7 8 9 |  9.1
Spellcasting   | 4 5 7 10 11 13 14 | 14.2
Conjurations   | 2 3 4 5 6 7 8 |  8.1
Stealth        | 3 4 5 |  5.2
Dodging        | 3 4 5 |  5.0
Hexes          | 1 2 3 |  3.1
Earth Magic    | 1 3 5 6 |  6.1
Fighting       | 1 |  1.7
Staves         | 1 |  1.3
Unarmed Combat | |  0.1
Translocations | |  0.7
Air Magic      | |  0.2

Action                   |  1- 3 |  4- 6 |  7- 9 | 10-12 || total
-------------------------+-------+-------+-------+-------++-------
Melee: Unarmed           |     6 |       |       |       ||     6
       Staff             |       |       |    16 |       ||    16
 Cast: Flame Tongue      |   105 |    93 |   117 |    50 ||   365
       Inner Flame       |       |     5 |     9 |    10 ||    24
       Conjure Flame     |       |     4 |    17 |    11 ||    32
       Sticky Flame      |       |     1 |    21 |    11 ||    33
       Sandblast         |       |       |    34 |    55 ||    89
       Fireball          |       |       |    10 |    28 ||    38
       Force Lance       |       |       |       |     9 ||     9
       Airstrike         |       |       |       |     8 ||     8
  Use: Scroll            |       |       |    15 |     2 ||    17
       Potion            |       |       |       |     5 ||     5
  Eat: Chunk             |     1 |     5 |    25 |    11 ||    42
Armor: Robe              |     4 |    22 |     8 |     7 ||    41
Dodge: Dodged            |    30 |    58 |    55 |    43 ||   186
